 Dungeon Crawl Stone Soup version 0.19-a0-957-gf4ea323 (webtiles) character file.

14899 mistymad the Archer (level 11, -5/104 HPs)
             Began as a Centaur Hunter on July 10, 2016.
             Was a Believer of Fedhas.
             Slain by a harpy (6 damage)
             ... summoned by Kirke
             ... on level 12 of the Dungeon.
             The game lasted 01:06:25 (20730 turns).

mistymad the Archer (Centaur Hunter)               Turns: 20730, Time: 01:06:25

Health: -5/104     AC: 18    Str: 19    XL:     11   Next: 94%
Magic:  11/11      EV:  3    Int: 10    God:    Fedhas [**....]
Gold:   818        SH:  0    Dex: 13    Spells: 0 memorised, 10 levels left

rFire  . . .     SeeInvis .     e - +2 falchion
rCold  . . .     Gourm    .     r - +3 plate armour of the Swan {rElec MR+ Str+4}
rNeg   . . .     Faith    .     (no shield)
rPois  .         Spirit   .     (helmet restricted)
rElec  +         Dismiss  .     y - +0 cloak
rCorr  .         Reflect  .     (no gloves)
SustAt +         Harm     .     W - +0 centaur barding
MR     ++...                    (no amulet)
Stlth  ..........               L - ring of sustain attributes
                                v - +2 ring of evasion

@: very quick, very resistant to hostile enchantments, extremely unstealthy
A: hooves 3, horns 1, slimy green scales 1, blurry vision 1, deformed body,
speed 2, magic resistance 1, tough skin 3
a: Evolution, Sunlight, Renounce Religion


You were on level 12 of the Dungeon.
You worshipped Fedhas.
Fedhas was pleased with you.
You were hungry.

You visited 3 branches of the dungeon, and saw 14 of its levels.
You also visited: Sewer.

You collected 818 gold pieces.

Inventory:

Hand Weapons
 a - a +3 great sword
 e - a +2 falchion (weapon)
 q - a +2 shortbow
 N - a +3 scimitar
 O - a cursed +3 great sword
Missiles
 d - 88 arrows
Armour
 r - the +3 plate armour of the Swan (worn) {rElec MR+ Str+4}
   (You found it on level 4 of the Dungeon)

   It affects your strength (+4).
   It insulates you from electricity.
   It affects your resistance to hostile enchantments.
 y - a +0 cloak (worn)
 W - a +0 centaur barding (worn)
Jewellery
 o - an uncursed ring of flight
 s - an uncursed ring of positive energy
 v - a +2 ring of evasion (left hand)
 G - the ring of Cixumade {Ice SInv Stlth+}
   (You found it on level 9 of the Dungeon)

   [ring of ice]

   It enhances your ice magic, and weakens your fire magic.
   It makes you vulnerable to fire.
   It protects you from cold.
   It lets you see invisible.
   It makes you more stealthy.
 L - a ring of sustain attributes (right hand)
 U - an uncursed ring of sustain attributes
Wands
 m - a wand of confusion (14/48)
 x - a wand of slowing (18/48)
 C - a wand of disintegration (14/24)
 Q - a wand of polymorph (17/24)
 R - a wand of confusion (32/48)
 T - a wand of slowing (18/48)
 V - a wand of flame (21/48)
Scrolls
 g - 2 scrolls of recharging
 j - 4 scrolls of amnesia
 l - a scroll of fear
 p - 16 scrolls of identify
 t - 2 scrolls of teleportation {unknown}
 D - 2 scrolls of brand weapon {unknown}
 F - a scroll of remove curse
 J - a scroll of magic mapping
 K - a scroll of enchant weapon
 M - a scroll of summoning {unknown}
 P - a scroll of blinking {unknown}
Potions
 c - 4 potions of heal wounds
 h - 7 potions of agility
 k - 7 potions of curing
 n - 4 potions of flight
 u - 5 potions of brilliance
 w - 2 potions of magic
 E - 2 potions of lignification {unknown}
 I - 3 potions of cancellation {unknown}
 S - a potion of cure mutation {unknown}
Books
 b - the Reference Book on Quantum Weightlessness
   (You found it on level 5 of the Dungeon)

   Spells                             Type                      Level
   a - Blink                          Translocation                2
   b - Summon Lightning Spire         Summoning/Air                4
   c - Lightning Bolt                 Conjuration/Air              5
   d - Poisonous Cloud                Conjuration/Poison/Air       6
 A - a book of Flames

   Spells                             Type                      Level
   a - Flame Tongue                   Conjuration/Fire             1
   b - Throw Flame                    Conjuration/Fire             2
   c - Conjure Flame                  Conjuration/Fire             3
   d - Inner Flame                    Hexes/Fire                   3
   e - Sticky Flame                   Conjuration/Fire             4
   f - Fireball                       Conjuration/Fire             5
Comestibles
 f - 8 bread rations
 i - 11 beef jerkies
 z - a meat ration
 B - 2 fruits
 H - a royal jelly


   Skills:
 + Level 11.7 Fighting
 + Level 10.4 Long Blades
 - Level 14.2 Bows
 + Level 1.2 Armour
 - Level 1.3 Dodging
 - Level 0.5 Stealth


You had 10 spell levels left.
You didn't know any spells.

Dungeon Overview and Level Annotations

Branches:
Dungeon (12/15)            Temple (1/1) D:7            Lair (1/6) D:8
    Orc (0/2) D:12

Altars:
Ashenzari
Cheibriados
Dithmenos
Elyvilon
Fedhas
Gozag
Hepliaklqana
Kikubaaqudgha
Makhleb
Nemelex Xobeh
Okawaru
Pakellas
Qazlal
Ru
Sif Muna
Trog
Uskayaw
Vehumet
Xom
Yredelemnul
Zin
The Shining One

Shops:
D:8 %   D:10 [=

Annotations:
D:5 tstbtto's ghost, novice MiFi
D:11 Fannar; Josephine; tstbtto's ghost, journeyman MiFi
D:12 Kirke


Innate Abilities, Weirdness & Mutations

You have hooves in place of feet.
Armour fits poorly on your strangely shaped body.
You cover ground very quickly.
You have extremely tough skin. (AC +3)
You have a pair of small horns on your head.
You are partially covered in slimy green scales. (AC +2)
Scrolls take you a little longer to read.
You are resistant to hostile enchantments. (MR+)


Message History

* * * LOW HITPOINT WARNING * * *
You take 7 damage, and have 13/104 hp.
You feel much better.
The harpy screeches!
The harpy claws you!
* * * LOW HITPOINT WARNING * * *
The harpy claws you but does no damage. The harpy claws you!
* * * LOW HITPOINT WARNING * * *
The harpy claws you but does no damage. The harpy barely misses you.
You riposte.
You closely miss the harpy. Your kick misses the harpy. The harpy claws you.
* * * LOW HITPOINT WARNING * * *
Kirke hits you but does no damage.
You take 5 damage, and have 8/104 hp.
Okay, then.
The harpy claws you!
* * * LOW HITPOINT WARNING * * *
The harpy claws you.
You die...
Fedhas appreciates your contribution to the ecosystem.

#8.8# #...### ###.....## #
#......#.## #.#.......#.## ###
#.#...........## #..
#...........#.# #.#
#.####)#)#..### #.#
########.####@H)..## #.#
.......(.....H.##.######.#####
.#############@#####.h.#.#....
#(####.h#..h....@
##.##...#...#.....
###....h###.......##
########...(.#..........##
#..........###.##...#####
#.......#####..#..###


You could see Kirke and 2 harpies.

Vanquished Creatures
  Harold (D:10)
  Erolcha (D:10)
  4 hill giants
  The ghost of tstbtto the Carver, a novice MiFi (D:6)
  2 cyclopes
  A komodo dragon (Lair:1)
  2 trolls (D:9)
  A two-headed ogre (D:11)
  A wraith (D:11)
  15 yaks
  A wyvern (D:9)
  3 hogs (D:12)
  A hungry ghost (D:9)
  Grum (D:10)
  2 hippogriffs (D:10)
  A mottled dragon (D:11)
  A soldier ant (D:10)
  A porcupine (Lair:1)
  4 ice beasts
  4 orc warriors
  2 sky beasts
  2 ogres
  5 phantoms
  2 centaurs (D:11)
  2 wolves (D:10)
  2 big kobolds (Sewer)
  Blork the orc (D:5)
  7 giant frogs
  A scorpion (D:10)
  10 killer bees
  13 wights
  6 howler monkeys
  3 crimson imps
  A quasit (D:11)
  2 centaur zombies (D:5)
  3 jellies
  5 hounds
  Crazy Yiuf (D:7)
  4 centaur skeletons
  11 orc priests
  10 orc wizards
  4 giant frog skeletons
  5 iguanas
  5 worker ants
  8 adders
  9 gnolls
  5 river rats (Sewer)
  2 shadow imps
  An ooze (D:1)
  An adder zombie (D:5)
  2 adder skeletons
  3 worms
  2 dart slugs (D:1)
  6 giant geckos
  51 orcs
  8 ball pythons
  6 bats
  3 giant cockroaches
  4 goblins
  A hobgoblin (D:2)
  11 jackals
  6 quokkas
  4 giant newts
  A jackal zombie (D:7)
  18 kobolds
  40 rats
347 creatures vanquished.

Vanquished Creatures (others)
  86 toadstools
86 creatures vanquished.

Grand Total: 433 creatures vanquished

Notes
Turn   | Place    | Note
-------+----------+-------------------------------------------
     0 | D:1      | mistymad the Centaur Hunter began the quest for the Orb.
     0 | D:1      | Reached XP level 1. HP: 17/17 MP: 1/1
    51 | D:1      | Reached XP level 2. HP: 17/25 MP: 2/2
   550 | D:2      | Reached skill level 6 in Bows
   550 | D:2      | Reached XP level 3. HP: 7/31 MP: 3/3
  1008 | D:2      | Found a faded altar of an unknown god.
  1172 | D:2      | Found a snail-covered altar of Cheibriados.
  1395 | D:2      | Reached XP level 4. HP: 33/38 MP: 4/4
  3046 | D:3      | Reached XP level 5. HP: 43/46 MP: 5/5
  3239 | D:4      | Found a shadowy altar of Dithmenos.
  3300 | D:4      | Reached skill level 7 in Bows
  3300 | D:4      | HP: 2/46 [poisoned by a worker ant]
  3305 | D:4      | Gained mutation: You have a pair of small horns on your head. [potion of mutation]
  3305 | D:4      | Gained mutation: Scrolls take you a little longer to read. [potion of mutation]
  3305 | D:4      | Gained mutation: You are resistant to hostile enchantments. (MR+) [potion of mutation]
  3306 | D:4      | HP: 1/46 [poisoned by a worker ant]
  4209 | D:4      | Got a warped plate armour
  4231 | D:4      | Identified the +3 plate armour of the Swan {rElec MR+ Str+4} (You found it on level 4 of the Dungeon)
  4321 | D:4      | Reached XP level 6. HP: 55/55 MP: 6/6
  4609 | D:5      | Entered Level 5 of the Dungeon
  4609 | D:5      | Noticed tstbtto's ghost (novice MiFi)
  4707 | D:5      | Reached skill level 5 in Fighting
  4771 | D:5      | Reached skill level 8 in Bows
  4839 | D:5      | Noticed Blork the orc
  4841 | D:5      | HP: 2/56 [Blork the orc/puff of flame (6)]
  4856 | D:5      | HP: 2/56 [hound (2)]
  5255 | D:5      | Reached XP level 7. HP: 49/62 MP: 7/7
  5364 | D:5      | Killed Blork the orc
  6158 | D:5      | Reached skill level 1 in Long Blades
  6837 | D:5      | Identified the Reference Book on Quantum Weightlessness
  6861 | D:5      | Found an opulent altar of Gozag.
  7069 | D:6      | Found a stormy altar of Qazlal.
  7124 | D:6      | Found a glowing drain.
  7146 | Sewer    | Entered a sewer
  7773 | Sewer    | Reached XP level 8. HP: 53/70 MP: 8/8
  7955 | Sewer    | Reached skill level 9 in Bows
  8385 | D:6      | Found a shadowy altar of Dithmenos.
  8901 | D:6      | Noticed tstbtto's ghost (novice MiFi)
  8986 | D:6      | Reached skill level 5 in Long Blades
  9179 | D:7      | Found a staircase to the Ecumenical Temple.
  9512 | D:7      | Reached skill level 10 in Bows
  9866 | D:7      | Reached XP level 9. HP: 79/79 MP: 9/9
 10057 | Temple   | Entered the Ecumenical Temple
 10139 | Temple   | Became a worshipper of Fedhas Madash
 10302 | D:7      | Found a runed door.
 10455 | D:7      | Noticed Crazy Yiuf
 10469 | D:7      | Killed Crazy Yiuf
 10533 | D:8      | Found a staircase to the Lair.
 10649 | D:8      | Found Efosenwu's Food Shop.
 11314 | D:8      | Found an ancient bone altar of Kikubaaqudgha.
 11550 | D:8      | Reached skill level 11 in Bows
 11617 | D:9      | Found a white marble altar of Elyvilon.
 11719 | D:9      | Noticed a troll
 11737 | D:9      | Killed a troll
 12308 | D:9      | Reached XP level 10. HP: 37/90 MP: 10/10
 12317 | D:9      | Reached * piety under Fedhas
 12773 | D:9      | Got a steaming jade ring
 12993 | D:10     | Entered Level 10 of the Dungeon
 13061 | D:9      | Reached skill level 12 in Bows
 13251 | D:10     | Found Ryckaic's Jewellery Shop.
 13433 | D:10     | Noticed Harold
 13870 | D:10     | Killed Harold
 13885 | D:10     | Identified the ring of Cixumade {Ice SInv Stlth+} (You found it on level 9 of the Dungeon)
 13921 | D:10     | Noticed Grum
 13929 | D:10     | Killed Grum
 14282 | D:10     | Reached skill level 13 in Bows
 14556 | D:10     | Reached skill level 10 in Fighting
 14960 | D:10     | Noticed a cyclops
 14980 | D:10     | Killed a cyclops
 15220 | D:10     | Noticed Erolcha
 15230 | D:10     | Killed Erolcha
 15230 | D:10     | Reached XP level 11. HP: 65/100 MP: 11/11
 15483 | D:10     | Noticed a hill giant
 15498 | D:10     | Killed a hill giant
 15637 | D:10     | Found Rayzy's Antique Armour Shop.
 16277 | D:11     | Noticed tstbtto's ghost (journeyman MiFi)
 16606 | D:11     | Noticed a hill giant
 16621 | D:11     | Killed a hill giant
 17138 | D:11     | Noticed tstbtto's ghost (journeyman MiFi)
 17271 | D:11     | Reached skill level 14 in Bows
 17281 | D:11     | Gained mutation: You are partially covered in slimy green scales. (AC +2) [mutagenic meat]
 17437 | D:11     | Noticed a hill giant
 17446 | D:11     | Killed a hill giant
 18344 | D:6      | Killed tstbtto's ghost
 18344 | D:6      | Reached skill level 10 in Long Blades
 18954 | D:11     | Noticed Fannar
 19419 | D:11     | Noticed Josephine
 19543 | Lair:1   | Entered Level 1 of the Lair of Beasts
 19965 | D:11     | Reached ** piety under Fedhas
 20523 | D:12     | Found a staircase to the Orcish Mines.
 20556 | D:12     | Noticed a hill giant
 20575 | D:12     | Killed a hill giant
 20629 | D:12     | Found a shattered altar of Ashenzari.
 20667 | D:12     | Noticed Kirke
 20696 | D:12     | Reached skill level 1 in Armour
 20723 | D:12     | Noticed a harpy
 20723 | D:12     | Noticed a harpy
 20730 | D:12     | HP: 1/104 [harpy[Kirke] (7)]
 20730 | D:12     | Slain by a harpy

Vault maps used:
D:1:      erik_arrival_orb_chamber, glass_columns_b
D:2:      nicolae_overflow_crystal_walls, ecumenical_altar_2
D:3:      first_bread
D:4:      nicolae_dithmenos_through_a_glass_darkly, roderic_lattice_a
D:5:      kennysheep_six_static_rooms, kennysheep_mini_moat,
          serial_co_window_serial, co_window_paths_a,
          co_window_of_opportunity_a, co_window_corner_a,
          co_window_of_opportunity_a, co_window_corner_a, co_window_2corner,
          co_window_cross_2, co_window_unsneaky_path_a, glass_columns_b,
          glass_columns_b, glass_columns_c, minmay_fountain_box,
          uniq_blork_the_orc
D:6:      grunt_qazlal_sundering, basic_altar, portal_sewer_entry_b,
          minmay_misc_feat_encased
D:7:      uniq_crazy_yiuf_cottage
D:8:      kiku_gazebo_pond_becter, lair_0_dummy, serial_shops,
          kennysheep_little_box
D:9:      elyvilon_altar_5
D:10:     serial_shops, shop_statue, shop, uniq_harold, uniq_grum, uniq_erolcha
D:11:     grunt_ogre_cave, uniq_josephine, uniq_snorg, uniq_fannar
D:12:     hiddenorc1_lemuel, serial_shops, kennysheep_mini,
          nicolae_ashenzari_panopticon, uniq_kirke
Temple:   lightli_temple_of_artemis
Sewer:    sewer_minmay_treatment

Skill      XL: |  1  2  3  4  5  6  7  8  9 10 11 |
---------------+----------------------------------+-----
Fighting       | 3 4 5 6 7 8 10 11 | 11.7
Bows           | 6 7 8 10 11 13 14 | 14.2
Long Blades    | 4 5 7 9 10 | 10.4
Armour         | 1 |  1.2
Dodging        | |  1.3
Stealth        | |  0.5

Action                   |  1- 3 |  4- 6 |  7- 9 | 10-12 || total
-------------------------+-------+-------+-------+-------++-------
Melee: Short sword       |   130 |   185 |    12 |       ||   327
       Kick              |    24 |    47 |   132 |   125 ||   328
       Headbutt          |       |     5 |    76 |    81 ||   162
       Long sword        |       |       |   248 |       ||   248
       Falchion          |       |       |   154 |   344 ||   498
 Fire: Shortbow          |     9 |    61 |   324 |   438 ||   832
Evoke: Wand              |       |     4 |       |     5 ||     9
  Use: Potion            |       |     9 |       |     1 ||    10
       Scroll            |       |     2 |    11 |       ||    13
 Stab: Confused          |       |       |       |     4 ||     4
  Eat: Chunk             |     1 |     9 |    21 |    14 ||    45
       Meat ration       |       |       |       |     2 ||     2
Armor: Leather armour    |    63 |    12 |       |       ||    75
       Ring mail         |       |    45 |       |       ||    45
       Plate armour      |       |    68 |   285 |   304 ||   657
Dodge: Dodged            |    62 |   109 |   108 |   116 ||   395
